 Dungeon Crawl Stone Soup version 0.30-a0-634-g8abc85282e (webtiles) character file.

Game seed: 12303782273435547256

10140 Vylera the Cruncher (level 11, -5/80 HPs)
             Began as a Demonspawn Gladiator on Jan 15, 2023.
             Was an Elder of Cheibriados.
             Slain by a yak (7 damage)
             ... on level 1 of the Lair of Beasts.
             The game lasted 00:34:00 (10710 turns).

Vylera the Cruncher (Demonspawn Gladiator)         Turns: 10710, Time: 00:34:01

Health: -5/80      AC: 14    Str: 25    XL:     11   Next: 32%
Magic:  5/17       EV: 21    Int: 19    God:    Cheibriados [****..]
Gold:   507        SH:  5    Dex: 42    Spells: 3/10 levels left

rFire   . . .      SeeInvis .    k - +3 flail
rCold   + + .      Faith    .    (no shield)
rNeg    + + .      Spirit   .    p - +5 scale mail {rC+}
rPois   .          Reflect  +    (helmet restricted)
rElec   .          Harm     .    h - +0 cloak
rCorr   .          Rampage  .    (no gloves)
Will    .....                    (no boots)
Stlth   ++                       m - amulet of reflection
HPRegen 0.33/turn                y - +6 ring of dexterity
MPRegen 0.15/turn                t - ring "Rirerr" {rC+ rN++ Str-2 Dex+7}

@: mighty, very slow
A: antennae 2, powered by pain 3, sturdy frame 1, agile 1, mutation resistance 1
a: Renounce Religion, Bend Time, Temporal Distortion, Slouch


You were on level 1 of the Lair of Beasts.
You worshipped Cheibriados.
Cheibriados was greatly pleased with you.
You visited 2 branches of the dungeon, and saw 12 of its levels.

You collected 507 gold pieces.

Inventory:

Hand Weapons
 a - a +1 quarterstaff
 b - a +0 sling
 k - a +3 flail (weapon)
 q - a +0 flail of holy wrath
 r - a +0 shortbow
 P - a +4 scimitar of flaming
Missiles
 d - a curare-tipped dart (quivered)
 e - 7 javelins
 J - 4 silver javelins
 K - 34 poisoned darts
 O - a throwing net
Armour
 c - a +0 helmet
 f - the +1 ring mail of Wu Jian, Thieving {rC+ Int+4}
   (You found it on level 9 of the Dungeon)

   Int:       It affects your intelligence (+4).
   rC:        It protects you from cold.
 h - a +0 cloak (worn)
 p - a +5 scale mail of cold resistance (worn)
 s - a +0 leather armour
 v - a +0 troll leather armour
Jewellery
 m - an amulet of reflection (around neck)
 t - the ring "Rirerr" (right hand) {rC+ rN++ Str-2 Dex+7}
   (You found it on level 3 of the Dungeon)

   [ring of protection from cold]

   Str:       It affects your strength (-2).
   Dex:       It affects your dexterity (+7).
   rC:        It protects you from cold.
   rN:        It greatly protects you from negative energy.
 y - a +6 ring of dexterity (left hand)
 B - a +4 ring of protection
 D - an amulet of faith
 N - a ring of positive energy
Wands
 w - a wand of polymorph (12)
 A - a wand of flame (19)
 G - a wand of charming (12)
 M - a wand of roots (15)
Scrolls
 i - 4 scrolls of teleportation
 j - 3 scrolls of poison
 l - a scroll of fog
 x - 3 scrolls of blinking
 z - a scroll of magic mapping
 F - a scroll of enchant armour
 H - a scroll of silence
 Q - a scroll of fear {unknown}
Potions
 g - 5 potions of flight
 n - 4 potions of mutation
 o - 3 potions of magic
 u - a potion of ambrosia
 C - 2 potions of haste
 E - 2 potions of might
 I - 2 potions of lignification
 L - a potion of heal wounds


   Skills:
 + Level 5.6 Fighting
 - Level 10.4 Staves
 - Level 1.7 Throwing
 + Level 7.2 Armour
 + Level 7.2 Dodging
 * Level 3.6 Translocations
 - Level 8.0 Invocations


You had 3 spell levels left.
You knew the following spells:

 Your Spells              Type           Power      Damage    Failure   Level
a - Blink                 Tloc           28%        N/A       11%         2
b - Momentum Strike       Conj/Tloc      14%        3d8       24%         2
c - Lesser Beckoning      Tloc           28%        N/A       22%         3

Your spell library contained the following spells:

 Spells                   Type           Power      Damage    Failure   Level
 Ensorcelled Hibernation  Hex/Ice        0%         N/A       45%         2
 Passwall                 Tmut/Erth      0%         N/A       45%         2
 Kindle Blastsparks       Fire/Tloc/Air  8%         2d10      52%         3
 Hailstorm                Conj/Ice       0%         3d3       69%         3
 Inner Flame              Hex/Fire       0%         N/A       69%         3
 Spider Form              Tmut/Pois      0%         N/A       69%         3
 Swiftness                Air            0%         N/A       69%         3
 Tukima's Dance           Hex            0%         N/A       69%         3
 Passage of Golubria      Tloc           14%        N/A       58%         4
 Airstrike                Air            0%         2d(0-16)  97%         4
 Anguish                  Hex/Necr       0%         N/A       97%         4
 Ice Form                 Ice/Tmut       0%         N/A       97%         4
 Summon Lightning Spire   Summ/Air       0%         N/A       97%         4
 Lightning Bolt           Conj/Air       0%         1d11      100%        5
 Yara's Violent Unravell  Hex/Tmut       0%         3d3       100%        5
 Simulacrum               Ice/Necr       0%         N/A       100%        6
 Shatter                  Erth           0%         3d5*      100%        9


Dungeon Overview and Level Annotations

Branches:
Dungeon (11/15)            Temple (0/1) D:5            Lair (1/5) D:9
    Orc (0/2) D:10

Altars:
Cheibriados
Dithmenos
Gozag
Makhleb
Okawaru
Trog
Uskayaw
Yredelemnul

Shops:
D:4 (!   D:10 [


Innate Abilities, Weirdness & Mutations

You have a pair of antennae on your head.
You are powered by pain.
Your movements are slightly less encumbered by armour. (ER -2)
You are agile. (Dex +4, Str/Int -1)
You are somewhat resistant to further mutation.


Message History

You sock the yak!
The yak is heavily wounded.
The yak gores you but does no damage. The yak closely misses you.
The yak misses you.
You sock the yak!
The yak is severely wounded.
The yak completely misses you. x2
You barely miss the yak.
The yak is severely wounded.
The yak misses you. The yak closely misses you. The yak gores you!
You block the yak's attack.
You sock the yak!
You kill the yak!
Cheibriados appreciates the change of pace.
The yak gores you.
The yak misses you. x2; The yak closely misses you.
You thump the yak!
The yak is moderately wounded.
You block the yak's attack.
You barely miss the yak.
The yak is moderately wounded.
The yak misses you. You block the yak's attack. The yak barely misses you.
You thump the yak!
The yak is severely wounded.
The yak completely misses you. The yak gores you!
* * * LOW HITPOINT WARNING * * *
You bludgeon the yak!!
You kill the yak!
Cheibriados appreciates the change of pace.
The yak gores you but does no damage. The yak gores you!
* * * LOW HITPOINT WARNING * * *
You bludgeon the yak!!
The yak is severely wounded.
The yak gores you!
* * * LOW HITPOINT WARNING * * *
You focus on the pain.
You feel mightier all of a sudden.
Okay, then.
The yak attacks as you move away! You block the yak's attack.
The yak completely misses you. The yak gores you!
You die...

P.###.##P##.....
#..................
#..................
#..................
#..................
#..................
#......>...........
##........†.<.......
#.....@Y............
##....Y.............
.......†.............
^....................
...........#P########
.#.....$...###
#.........#
#.........#
#..........


You could see 2 yaks.

Vanquished Creatures
  A centaur warrior (D:8)
  A two-headed ogre (D:8)
  A boulder beetle (D:8)
  An efreet (D:8)
  4 trolls
  3 slime creatures (D:10)
  A wraith (D:10)
  2 wyverns
  4 yaks (Lair:1)
  2 steam dragons
  3 vampire mosquitoes (D:10)
  An acid dragon (D:8)
  2 sky beasts
  3 orc warriors
  An ice beast (D:8)
  A black bear (D:3)
  3 centaurs
  An ogre (D:5)
  5 wolves (D:9)
  2 phantoms
  3 kobold brigands
  4 bullfrogs
  A necrophage (D:7)
  2 scorpions (D:5)
  A water moccasin zombie (D:7)
  8 wights
  14 killer bees
  An electric eel (D:9)
  4 howler monkeys (D:8)
  A bullfrog zombie (D:7)
  A crimson imp (D:4)
  A jelly (D:4)
  5 quasits (D:8)
  8 hounds
  3 gnoll boudas
  4 orc priests
  5 iguanas
  Jessica (D:2)
  Terence (D:2)
  9 orc wizards
  10 adders
  19 gnolls
  5 shadow imps
  10 white imps
  3 ufetubi
  A worm (D:3)
  5 dart slugs
  29 orcs
  5 ball pythons
  10 bats
  6 endoplasms
  4 giant cockroaches
  7 goblins
  7 hobgoblins
  6 jackals (D:1)
  20 kobolds
  6 quokkas
  4 frilled lizards
  7 rats
283 creatures vanquished.

Notes
Turn   | Place    | Note
-------+----------+-------------------------------------------
     0 | D:1      | Vylera the Demonspawn Gladiator began the quest for the
                  | Orb.
     0 | D:1      | Reached XP level 1. HP: 16/16 MP: 1/1
    56 | D:1      | Reached skill level 3 in Staves
    71 | D:1      | Gained mutation: You sometimes gain a little power by
                  | taking damage. [demonic ancestry]
    71 | D:1      | Reached XP level 2. HP: 22/22 MP: 2/2
   297 | D:1      | Reached XP level 3. HP: 28/28 MP: 3/3
   772 | D:2      | Noticed Jessica
   777 | D:2      | Killed Jessica
   778 | D:2      | Reached skill level 4 in Staves
   778 | D:2      | Reached XP level 4. HP: 26/34 MP: 4/4
   869 | D:2      | Found a faded altar of an unknown god.
   881 | D:2      | Prayed at the altar of an unknown god.
   881 | D:2      | Became a worshipper of Cheibriados the Contemplative
   881 | D:2      | Reached * piety under Cheibriados
  1171 | D:2      | Noticed Terence
  1193 | D:2      | Killed Terence
  1668 | D:3      | Noticed a black bear
  1677 | D:3      | Reached ** piety under Cheibriados
  1678 | D:3      | Gained mutation: You sometimes gain power by taking damage.
                  | [demonic ancestry]
  1678 | D:3      | Reached XP level 5. HP: 41/41 MP: 5/5
  1708 | D:3      | Killed a black bear
  1709 | D:3      | Reached skill level 1 in Armour
  1824 | D:3      | Reached skill level 5 in Staves
  1929 | D:3      | Gained mutation: Your movements are slightly less
                  | encumbered by armour. (ER -2) [demonic ancestry]
  1929 | D:3      | Reached XP level 6. HP: 42/48 MP: 6/6
  2059 | D:3      | Found an iron altar of Okawaru.
  2347 | D:3      | Identified the ring "Rirerr" {rC+ rN++ Str-2 Dex+7}
  2649 | D:4      | Reached *** piety under Cheibriados
  3049 | D:4      | Found Tokaulag's Weapon Shop.
  3078 | D:4      | Gained mutation: You have a pair of small antennae on your
                  | head. [demonic ancestry]
  3078 | D:4      | Reached XP level 7. HP: 54/54 MP: 7/7
  3241 | D:4      | Found Exeat's Distillery.
  3365 | D:4      | Reached skill level 6 in Staves
  3372 | D:4      | Got Gefyi's Elucidation of Arenous Immolation
  3495 | D:5      | Entered Level 5 of the Dungeon
  3788 | D:5      | Found a hide-covered altar of Uskayaw.
  3821 | D:5      | Reached XP level 8. HP: 39/61 MP: 8/8
  3960 | D:5      | Found a staircase to the Ecumenical Temple.
  4142 | D:5      | Reached skill level 7 in Staves
  4150 | D:5      | Reached skill level 1 in Invocations
  4906 | D:6      | Reached **** piety under Cheibriados
  5885 | D:7      | Reached skill level 8 in Staves
  6145 | D:7      | Gained mutation: You are powered by pain. [demonic
                  | ancestry]
  6145 | D:7      | Reached XP level 9. HP: 33/66 MP: 10/12
  6437 | D:7      | Found a basalt altar of Yredelemnul.
  6532 | D:7      | Reached ***** piety under Cheibriados
  6945 | D:8      | Reached skill level 5 in Armour
  6949 | D:8      | Reached skill level 5 in Dodging
  6958 | D:8      | Reached skill level 5 in Invocations
  7024 | D:8      | Reached skill level 9 in Staves
  7073 | D:8      | You fall into a shaft and drop 2 floors!
  7073 | D:10     | Entered Level 10 of the Dungeon
  7073 | D:10     | Found Enuock's Armour Emporium.
  7073 | D:10     | Found a staircase to the Orcish Mines.
  7390 | D:8      | Gained mutation: You have a pair of antennae on your head.
                  | [demonic ancestry]
  7390 | D:8      | Reached XP level 10. HP: 73/73 MP: 8/14
  7440 | D:8      | Noticed a boulder beetle
  7441 | D:8      | Noticed a two-headed ogre
  7461 | D:8      | Killed a two-headed ogre
  7471 | D:8      | Gained mutation: You are agile. (Dex +4, Str/Int -1)
                  | [potion of mutation]
  7471 | D:8      | Gained mutation: You are somewhat resistant to further
                  | mutation. [potion of mutation]
  7477 | D:8      | Killed a boulder beetle
  7478 | D:8      | Reached skill level 10 in Staves
  7669 | D:8      | Noticed a centaur warrior
  7681 | D:8      | Killed a centaur warrior
  8936 | D:9      | Learned a level 2 spell: Blink
  8939 | D:9      | Learned a level 2 spell: Momentum Strike
  8943 | D:9      | Learned a level 3 spell: Lesser Beckoning
  8955 | D:9      | Found a burning altar of Makhleb.
  9077 | D:9      | Identified the +1 ring mail of Wu Jian, Thieving {rC+
                  | Int+4}
  9101 | D:9      | Reached skill level 1 in Translocations
  9166 | D:9      | Found a staircase to the Lair.
  9182 | D:9      | Reached skill level 5 in Fighting
  9184 | D:9      | Reached XP level 11. HP: 64/79 MP: 17/17
  9462 | D:9      | Found a shadowy altar of Dithmenos.
  9504 | D:9      | Found a bloodstained altar of Trog.
  9506 | D:9      | Found an opulent altar of Gozag.
 10640 | D:11     | Noticed a white ugly thing
 10675 | Lair:1   | Entered Level 1 of the Lair of Beasts
 10709 | Lair:1   | HP: 1/80 [yak (11)]
 10710 | Lair:1   | Slain by a yak

Illustrated notes

Levels and vault maps discovered:
D:1:      ncdulo_lavacross, layout_loops_ring
D:2:      layout_loops_ring, hellmonk_ecumenical_altar_zigzags, nicolae_titane,
          uniq_jessica, uniq_terence
D:3:      minmay_recursive_quarters, layout_basic, zin_academy,
          mainiacjoe_overflow_catwalk_spiral, grunt_decor_arrowhead,
          eino_curves_01, hangedman_decor_clover_reticule
D:4:      layout_rooms, serial_shops, shop_fountains, shop,
          minmay_fire_ice_demons
D:5:      layout_basic, mainiacjoe_overflow_surrounded_room,
          minmay_temple_entry_enclosed_plants, dk_noncrumbling_4
D:6:      layout_loops_ring
D:7:      layout_cave_pods, lemuel_zombie_altar_yredelemnul
D:8:      minmay_ornate_pinched, layout_layer_cave, serial_demonic,
          serial_demonic_c, serial_demonic_a, serial_demonic_d, serial_demonic_d
D:9:      layout_roguey, minitemple, lemuel_round_altar,
          mainiacjoe_overflow_small_starburst, erik_lair_island
D:10:     layout_roguey, orc_0_dummy, serial_shops, nicolae_square_shop
D:11:     layout_irregular_city, serial_shops, nicolae_shop_behind_doors,
          lightli_corner_chamber
Lair:1:   layout_small_grid, grunt_megastairs_2

Skill      XL: |  1  2  3  4  5  6  7  8  9 10 11 |
---------------+----------------------------------+-----
Staves         | 3 4 5 6 8 9 10 | 10.4
Fighting       | 3 4 5 |  5.6
Armour         | 1 2 3 4 5 6 7 |  7.2
Dodging        | 3 4 5 6 7 |  7.2
Invocations    | 4 6 8 |  8.0
Translocations | 1 3 |  3.6
Throwing       | |  1.7

Action                   |  1- 3 |  4- 6 |  7- 9 | 10-12 || total
-------------------------+-------+-------+-------+-------++-------
Melee: Quarterstaff      |    96 |   213 |   444 |    76 ||   829
       Unarmed           |       |       |     1 |       ||     1
       Scimitar          |       |       |       |    64 ||    64
       Punch             |       |       |       |     2 ||     2
       Flail             |       |       |       |   140 ||   140
 Fire: Sling             |       |     7 |     3 |       ||    10
Throw: Throwing net      |       |     2 |       |     3 ||     5
 Cast: Blink             |       |       |       |     1 ||     1
       Momentum Strike   |       |       |       |     1 ||     1
Invok: Slouch            |       |       |     2 |     3 ||     5
       Bend Time         |       |       |       |     4 ||     4
  Use: Scroll            |       |       |       |    19 ||    19
       Potion            |       |       |       |     3 ||     3
 Stab: Sleeping          |     1 |     2 |     6 |     2 ||    11
       Held in net/web   |       |     2 |       |     9 ||    11
       Distracted        |       |       |     1 |       ||     1
Armor: Leather armour    |    35 |    17 |       |       ||    52
       Scale mail        |       |    92 |   203 |   102 ||   397
Dodge: Dodged            |    82 |   118 |   442 |   398 ||  1040
Block: Other             |       |       |       |    40 ||    40

Table legend: (Time is in decaauts)
 A = Elapsed time spent in this place.
 B = Non-inter-level travel time spent in this place.
 C = Inter-level travel time spent in this place.
 D = Time resting spent in this place.
 E = Time spent auto-exploring this place.
 F = Levels seen in this place.
 G = Mean time per level.
                   A        B        C        D        E       F      G
               +--------+--------+--------+--------+--------+-----+--------+
         Total |  14837 |  14376 |    461 |    453 |  11439 |  12 | 1236.4 |
       Dungeon |  14800 |  14340 |    460 |    453 |  11439 |  11 | 1345.5 |
          Lair |     37 |     37 |      0 |      0 |      0 |   1 |   37.0 |
               +--------+--------+--------+--------+--------+-----+--------+

Top non-repeatable levels by time:
     D:8: 2883 daAuts
     D:5: 1854 daAuts
     D:7: 1591 daAuts
     D:3: 1478 daAuts
     D:9: 1417 daAuts
    D:10: 1359 daAuts
     D:6: 1258 daAuts
     D:4: 1167 daAuts
     D:2: 1069 daAuts
     D:1: 718 daAuts
  Lair:1: 37 daAuts
    D:11: 1 daAuts
